 Dungeon Crawl Stone Soup version 0.28-a0-883-gc8d7bad45d (webtiles) character file.

Game seed: 16005949251967799624

196897 demibob the Executioner (level 17, -2/140 HPs)
             Began as a Demonspawn Fighter on Nov 22, 2021.
             Was the Champion of Okawaru.
             Slain by a vault warden (28 damage)
             ... on level 1 of the Vaults.
             The game lasted 01:39:36 (36156 turns).

demibob the Executioner (Demonspawn Fighter)       Turns: 36156, Time: 01:39:37

Health: -2/140     AC: 23    Str: 19      XL:     17   Next: 76%
Magic:  20/20      EV: 13    Int:  7 (10) God:    Okawaru [******]
Gold:   3522       SH:  0    Dex: 17      Spells: 16/16 levels left

rFire   + + .      SeeInvis .   b - +7 executioner's axe (venom)
rCold   . . .      Faith    +   (shield currently unavailable)
rNeg    . . .      Spirit   .   g - +4 fire dragon scales
rPois   .          Reflect  .   U - +0 hat {Will+}
rElec   .          Harm     .   q - scarf {repulsion}
rCorr   +          Rampage  .   H - +2 pair of gloves
Will    +++..                   (boots unavailable)
Stlth   ..........              d - amulet of faith {!P}
HPRegen 2.33/turn               W - ring of willpower
MPRegen 0.17/turn               C - ring of protection from cold

@: marked, repel missiles
A: hooves 3, yellow scales 3, (demonic guardian 1), powered by death 2,
augmentation 1
}: 1/15 runes: gossamer
a: Renounce Religion, Heroism, Finesse, Duel


You were on level 1 of the Vaults.
You worshipped Okawaru.
Okawaru was exalted by your worship.
You visited 5 branches of the dungeon, and saw 28 of its levels.
You also visited: Ossuary and Gauntlet.

You collected 3990 gold pieces.
You spent 468 gold pieces at shops.


Innate Abilities, Weirdness & Mutations

You have hooves in place of feet.
You are completely covered in yellow scales. (AC +4, rCorr)
((A weak demonic guardian rushes to your aid.))
You regenerate health from kills.
Your magical and physical power is slightly enhanced at high health.


   Skills:
 + Level 14.7 Fighting
 - Level 22.7 Axes
 - Level 12.1 Armour
 + Level 7.4 Dodging
 - Level 4.0 Shields
 - Level 4.2 Invocations


You had 16 spell levels left.
You didn't know any spells.
Your spell library contained the following spells:

 Spells                   Type           Power      Damage    Failure   Level
 Pain                     Necr           0%         1d4       78%         1
 Sting                    Tmut/Pois      0%         1d3       78%         1
 Blink                    Tloc           0%         N/A       89%         2
 Ensorcelled Hibernation  Hex/Ice        0%         N/A       89%         2
 Poisonous Vapours        Pois/Air       0%         N/A       89%         2
 Sublimation of Blood     Necr           0%         N/A       89%         2
 Conjure Flame            Conj/Fire      0%         6-21      98%         3
 Ignite Poison            Fire/Tmut/Pois 0%         N/A       98%         3
 Ozocubu's Armour         Ice            0%         N/A       98%         3
 Fulminant Prism          Conj/Hex       0%         3d6       100%        4
 Iskenderun's Mystic Bla  Conj/Tloc      0%         2d3       100%        4
 Leda's Liquefaction      Hex/Erth       0%         N/A       100%        4
 Olgreb's Toxic Radiance  Pois           0%         N/A       100%        4
 Petrify                  Tmut/Erth      0%         N/A       100%        4
 Sticky Flame             Conj/Fire      0%         2d3       100%        4
 Agony                    Necr           0%         N/A       100%        5
 Excruciating Wounds      Necr           0%         N/A       100%        5
 Fireball                 Conj/Fire      0%         3d3       100%        5
 Freezing Cloud           Conj/Ice/Air   0%         6-21      100%        5
 Irradiate                Conj/Tmut      0%         3d13      100%        5
 Iskenderun's Battlesphe  Conj           0%         2d6       100%        5
 Lee's Rapid Deconstruct  Erth           0%         3d5*      100%        5
 Manifold Assault         Tloc           0%         N/A       100%        5
 Conjure Ball Lightning   Conj/Air       0%         3x3d6     100%        6
 Starburst                Conj/Fire      0%         6d3       100%        6
 Statue Form              Tmut/Erth      0%         N/A       100%        6
 Orb of Destruction       Conj           0%         N/A       100%        7
 Storm Form               Tmut/Air       0%         N/A       100%        7
 Ignition                 Fire           0%         3d3       100%        8
 Maxwell's Capacitive Co  Air            0%         ∞         100%        8
 Summon Lightning Spire   Summ/Air       Unusable   N/A       N/A         4

Inventory:

Hand Weapons
 a - a +1 broad axe of flaming
 b - a +7 executioner's axe of venom (weapon)
Missiles
 B - 2 datura-tipped darts (quivered)
 G - a throwing net {=f}
 P - 3 atropa-tipped darts
Armour
 g - +4 fire dragon scales (worn)
 q - a scarf of repulsion (worn)
 E - the +3 plate armour of Miracles {rF+ rCorr SInv}
   (Okawaru gifted it to you on level 6 of the Lair of Beasts)

   rF:        It protects you from fire.
   SInv:      It lets you see invisible.
   rCorr:     It protects you from acid and corrosion.
 H - a +2 pair of gloves (worn)
 Q - the +0 hat of Leaves {rF+ Slay+2}
   (You found it in a Gauntlet)

   Slay:      It affects your accuracy & damage with ranged weapons and melee
   (+2).
   rF:        It protects you from fire.
 U - a +0 hat of willpower (worn)
Jewellery
 d - an amulet of faith (around neck) {!P}
 y - an amulet of reflection
 C - a ring of protection from cold (right hand)
 D - a +6 ring of dexterity
 F - a ring of protection from fire
 W - a ring of willpower (left hand)
Wands
 e - a wand of flame (79)
 o - a wand of polymorph (27)
 t - a wand of paralysis (42)
 u - a wand of mindburst (34)
 v - a wand of iceblast (2)
 K - a wand of acid (5)
Scrolls
 p - 3 scrolls of amnesia
 J - 13 scrolls of identify {@r1}
 S - 2 scrolls of magic mapping
Potions
 h - 7 potions of attraction
 l - a potion of lignification
 m - 4 potions of magic
 n - 8 potions of brilliance
 r - 4 potions of degeneration
 s - 5 potions of flight
 w - 5 potions of mutation
 x - a potion of curing {@q1}
 L - 4 potions of ambrosia
 O - 2 potions of resistance
 R - a potion of haste {@q3}
 X - a potion of invisibility
Miscellaneous
 A - a phial of floods
 V - a lightning rod (4/4)

Dungeon Overview and Level Annotations

Branches:
Dungeon (15/15)            Temple (0/1) D:5            Lair (6/6) D:8
  Swamp (0/4) Lair:2       Spider (4/4) Lair:3        Slime (0/5) Lair:5
    Orc (2/2) D:11            Elf (0/3) Orc:2        Vaults (1/5) D:14
 Depths (0/4) D:15        Ossuary (visited)         Gauntlet (visited)

Altars:
Dithmenos
Hepliaklqana
Okawaru
Ru
Sif Muna
Uskayaw
Wu Jian
Yredelemnul
The Shining One
Beogh

Shops:
Orc:2 *[[*

Annotations:
Lair:1 2 transporters, ders's ghost, journeyman GrEE
Lair:3 3 runed translucent doors, Jazxac's ghost, journeyman MiMo
Lair:5 1 runed translucent door, Dowoeg's ghost, journeyman DjWn
Spider:3 Roxanne

..▒▒.▒.▒▒..▒.......▒......▒......
..▒.▒.▒.▒.)▒.......▒..^...▒......
...▒.▒.▒...▒▒▒▒▒▒▒▒▒......▒......
..▒.▒.▒.▒..▒ ▒......▒..>..>
..▒▒.▒.▒▒..▒▒▒▒▒▒▒▒▒......'......
..▒▒▒.▒▒▒..▒......▒▒......▒......
..........†▒)J▒▒..▒▒......▒......
.....p.....p).▒▒..▒▒......'......
▒▒▒▒▒▒▒▒▒▒▒▒..▒▒@.▒▒......▒▒▒▒▒▒▒
▒...p).▒▒......▒ ▒▒▒▒
▒▒▒▒▒▒▒▒▒▒......▒ ▒..▒ ▒..▒
▒......▒ ▒..▒ ▒..▒ ▒......▒ ▒..▒
▒..▒ ▒......▒ ▒▒▒▒▒..▒ ▒..▒▒▒▒▒
▒......▒ ▒....>.▒▒▒......▒
▒......▒ ▒.......▒.......▒
▒......▒


You could see a vault warden (extremely poisoned).


Message History

You slice the slime creature!!
The slime creature looks as sick as possible!
The slime creature hits you but does no damage.
You see here an entropy weaver corpse.
You slice the slime creature!!
You kill the slime creature!
Okawaru accepts your kill.
You feel like a meek peon again.
You start resting.
A vault warden is nearby!
The vault warden hits you with a +1 bardiche!!
* * * LOW HITPOINT WARNING * * *
You see here an entropy weaver corpse.
You are too injured to fight recklessly!
You are too injured to fight recklessly!
You closely miss the vault warden.
You kick the vault warden, but do no damage.
The vault warden is moderately wounded.
The vault warden hits you with a +1 bardiche!!!
* * * LOW HITPOINT WARNING * * *
You slice the vault warden!!
The vault warden looks as sick as possible!
You kick the vault warden, but do no damage.
The vault warden is heavily wounded.
The vault warden activates a sealing rune.
You hit the vault warden.
You kick the vault warden, but do no damage.
The vault warden is severely wounded.
The vault warden hits you with a +1 bardiche!!
You die...

Skill      XL: |  1  2  3  4  5  6  7  8  9 10 11 12 13 14 15 16 17 |
---------------+----------------------------------------------------+-----
Axes           | 2 3 4 6 8 10 12 14 15 16 17 18 21 22 | 22.7
Shields        | 3 4 |  4.0
Invocations    | 1 4 |  4.2
Armour         | 5 8 10 11 12 | 12.1
Fighting       | 6 9 11 12 13 14 | 14.7
Dodging        | 4 7 |  7.4

Action                   |  1- 3 |  4- 6 |  7- 9 | 10-12 | 13-15 | 16-18 || total
-------------------------+-------+-------+-------+-------+-------+-------++-------
Melee: War axe           |    85 |    46 |       |       |       |       ||   131
       Broad axe         |       |   118 |   361 |   472 |   955 |       ||  1906
       Executioner's axe |       |       |       |       |   328 |   666 ||   994
       Punch             |       |       |       |       |     2 |       ||     2
       Kick              |       |       |       |       |       |   241 ||   241
Invok: Heroism           |       |       |     2 |    10 |    31 |     8 ||    51
       Finesse           |       |       |       |     1 |     1 |       ||     2
Evoke: Wand              |       |       |       |       |    22 |     8 ||    30
       Phial of floods   |       |       |       |       |     1 |       ||     1
  Use: Scroll            |       |     7 |    13 |     6 |    25 |    16 ||    67
       Potion            |       |       |    11 |     2 |    14 |    13 ||    40
 Stab: Petrified         |       |       |       |       |     4 |       ||     4
       Petrifying        |       |       |       |       |     1 |       ||     1
       Paralysed         |       |       |       |       |     2 |     5 ||     7
       Distracted        |       |       |       |       |     1 |       ||     1
Armor: Scale mail        |    37 |    77 |   212 |    38 |       |       ||   364
       Steam dragon scal |       |       |     2 |    38 |       |       ||    40
       Plate armour      |       |       |       |   174 |   828 |   602 ||  1604
       Fire dragon scale |       |       |       |       |       |    93 ||    93
Dodge: Dodged            |    44 |    66 |   162 |   144 |   433 |   341 ||  1190
       Repelled          |       |       |       |     4 |     5 |     2 ||    11
Block: Buckler           |    25 |    44 |    88 |   101 |   132 |       ||   390

Levels and vault maps discovered:
D:1:      onia_arrival_handbag, layout_basic, ebering_ecumenical_altar_petrified
D:2:      minmay_angry_zag, layout_rooms, basic_altar, minmay_fountain_box,
          uniq_natasha
D:3:      layout_loops_ring, hangedman_decor_opposing, minmay_statues_item,
          hangedman_decor_points
D:4:      layout_rooms, tso_altar, lemuel_crystal_altar, serial_bayou_pond_a,
          hangedman_decor_diamond_cutter
D:5:      layout_rooms, minmay_temple_entry_glassed_door,
          nicolae_ossuary_entry_giza
D:6:      black_bear_nest_1, layout_cave_pools, st_stairs_8
D:7:      layout_loops_ring, nicolae_overflow_hidden_temple, uniq_maggie
D:8:      layout_loops_ring, mainiacjoe_overflow_concentric_impassable,
          dpeg_lair_monsters
D:9:      layout_stronghold, uniq_pikel
D:10:     lemuel_troll_bridge, layout_basic, nicolae_uskayaw_dance_hall,
          lightli_orcish_oven, uniq_erica, uniq_joseph
D:11:     layout_rooms, david_orc_2, kb_rosetta
D:12:     layout_loops_cross, nicolae_lava_and_water,
          nicolae_looking_at_the_future
D:13:     layout_long_grid, minmay_misc_feat_enclosed, uniq_maurice,
          uniq_azrael, uniq_kirke
D:14:     layout_stronghold, lightli_vaults_fourway_checkpoint,
          chequers_serial_rivers_micro_e, gauntlet_entry_generic
D:15:     grunt_enter_depths_hoard, layout_basic, chequers_serial_rivers_small_a
Lair:1:   layout_cave_pods, gammafunk_ghost_hive, enter_volcano_2,
          grunt_megastairs_3, infiniplex_staircase_pool, lemuel_fruit_tree
Lair:2:   layout_cave_shapes, swamp_mist, basic_altar,
          infiniplex_staircase_pool_2, grunt_megastairs_5
Lair:3:   layout_cellular_growth, dummy_spider_entry, ebering_ghost_rock_garden
Lair:4:   layout_cave_pods, portal_ice_cave_entry_imps
Lair:5:   layout_hall_layers, dpeg_slime_entry_corner,
          ebering_ghost_funeral_grove, serial_bayou_shore_b, grunt_megastairs_2
Lair:6:   wormcave, layout_cave_pods, hangedman_lair_in_review, uniq_rupert
Spider:1: layout_spider_delve
Spider:2: layout_chambers, nicolae_spider_stair_cavern
Spider:3: nicolae_spider_mines_1, hellmonk_watch_for_rolling_rocks, uniq_roxanne
Spider:4: grunt_spider_rune_parallel
Orc:1:    layout_caves, basic_altar
Orc:2:    st_orc_mages, layout_caves, uniq_saint_roka, uniq_nessos,
          uniq_josephine
Vaults:1: nicolae_vaults_hallways_thing, v_misc_17, vaults_room_hallway,
          v_misc_14, grunt_vaults_hallway_short, serial_ice_b,
          dpeg_vaults_monster_box, layout_vaults_omnigrid, serial_shops,
          nicolae_shop_temple_entry_statues_fountains

Notes
Turn   | Place    | Note
-------+----------+-------------------------------------------
     0 | D:1      | demibob the Demonspawn Fighter began the quest for the Orb.
     0 | D:1      | Reached XP level 1. HP: 18/18 MP: 1/1
    87 | D:1      | Reached skill level 2 in Axes
   113 | D:1      | Reached skill level 3 in Shields
   114 | D:1      | Gained mutation: You regenerate a little health from kills.
                  | [demonic ancestry]
   114 | D:1      | Reached XP level 2. HP: 21/24 MP: 2/2
   244 | D:1      | Found a faded altar of an unknown god.
   741 | D:2      | Noticed Natasha
   748 | D:2      | Gained mutation: You are partially covered in yellow
                  | scales. (AC +2) [demonic ancestry]
   748 | D:2      | Reached XP level 3. HP: 15/29 MP: 3/3
   749 | D:2      | Killed Natasha
   794 | D:2      | Noticed Natasha
   809 | D:2      | HP: 2/29 [Natasha (4)]
   810 | D:2      | Killed Natasha
   811 | D:2      | Reached skill level 3 in Axes
   811 | D:2      | Gained mutation: You have large cloven feet. [demonic
                  | ancestry]
   811 | D:2      | Reached XP level 4. HP: 4/35 MP: 4/4
  1265 | D:2      | Noticed Natasha
  1275 | D:2      | Killed Natasha
  1276 | D:2      | Reached skill level 4 in Shields
  1555 | D:2      | Found a basalt altar of Yredelemnul.
  1733 | D:3      | Noticed a phantom
  1751 | D:3      | Killed a phantom
  1752 | D:3      | Reached skill level 4 in Axes
  1752 | D:3      | Gained mutation: You regenerate health from kills. [demonic
                  | ancestry]
  1752 | D:3      | Reached XP level 5. HP: 29/41 MP: 5/5
  2059 | D:3      | Reached XP level 6. HP: 21/47 MP: 6/6
  2336 | D:3      | Reached skill level 5 in Axes
  2842 | D:4      | Found an iron altar of Okawaru.
  2847 | D:4      | Became a worshipper of Warmaster Okawaru
  3173 | D:4      | Reached skill level 6 in Axes
  3517 | D:5      | Entered Level 5 of the Dungeon
  3523 | D:5      | Reached XP level 7. HP: 52/52 MP: 7/7
  3572 | D:5      | Found a sand-covered staircase.
  3577 | Ossuary  | Entered an ossuary
  3603 | Ossuary  | Reached skill level 7 in Axes
  3660 | Ossuary  | Reached * piety under Okawaru
  3672 | Ossuary  | Reached skill level 8 in Axes
  3689 | Ossuary  | Reached skill level 1 in Invocations
  3690 | Ossuary  | Gained mutation: You are mostly covered in yellow scales.
                  | (AC +3) [demonic ancestry]
  3690 | Ossuary  | Reached XP level 8. HP: 58/58 MP: 7/9
  3711 | Ossuary  | Reached skill level 2 in Invocations
  3716 | Ossuary  | Reached skill level 3 in Invocations
  3902 | Ossuary  | Reached skill level 4 in Invocations
  4541 | D:5      | Reached skill level 9 in Axes
  4618 | D:5      | Found a staircase to the Ecumenical Temple.
  4653 | D:5      | Reached ** piety under Okawaru
  5415 | D:6      | Reached skill level 10 in Axes
  5415 | D:6      | Gained mutation: Your magical and physical power is
                  | slightly enhanced at high health. [demonic ancestry]
  5415 | D:6      | Reached XP level 9. HP: 63/63 MP: 12/12
  5688 | D:6      | Reached *** piety under Okawaru
  5689 | D:6      | Reached skill level 11 in Axes
  6353 | D:7      | Noticed Maggie
  6374 | D:7      | Killed Maggie
  6375 | D:7      | Reached skill level 12 in Axes
  6619 | D:7      | Found a basalt altar of Yredelemnul.
  6619 | D:7      | Found a shimmering blue altar of Sif Muna.
  6802 | D:7      | Found a shadowy altar of Dithmenos.
  6802 | D:7      | Found a hazy altar of Hepliaklqana.
  6932 | D:8      | Noticed a two-headed ogre
  6940 | D:8      | Killed a two-headed ogre
  6940 | D:8      | Reached **** piety under Okawaru
  6941 | D:8      | Gained mutation: You are completely covered in yellow
                  | scales. (AC +4, rCorr) [demonic ancestry]
  6941 | D:8      | Reached XP level 10. HP: 30/70 MP: 13/13
  7100 | D:8      | Found an ornate altar of the Wu Jian Council.
  7506 | D:8      | Reached skill level 13 in Axes
  7518 | D:8      | Reached ***** piety under Okawaru
  7529 | D:8      | Noticed a death yak
  7573 | D:8      | Noticed a death yak
  7582 | D:8      | Noticed a death yak
  7585 | D:8      | Killed a death yak
  7585 | D:8      | Received a gift from Okawaru
  7723 | D:8      | Found a staircase to the Lair.
  7766 | Lair:1   | Entered Level 1 of the Lair of Beasts
  7767 | Lair:1   | Noticed a cane toad
  7775 | Lair:1   | Reached skill level 14 in Axes
  7781 | Lair:1   | Killed a cane toad
  8157 | Lair:1   | Noticed a cane toad
  8161 | Lair:1   | Killed a cane toad
  8522 | Lair:1   | Gained mutation: A weak demonic guardian rushes to your
                  | aid. [demonic ancestry]
  8522 | Lair:1   | Reached XP level 11. HP: 51/75 MP: 14/14
  8659 | Lair:1   | Found a transporter.
  8659 | Lair:1   | Found a transporter.
  8677 | Lair:1   | Noticed ders's ghost (journeyman GrEE)
  8962 | Lair:1   | Reached skill level 15 in Axes
  9310 | Lair:2   | Noticed a seven-headed hydra
  9321 | Lair:2   | Killed a four-headed hydra
  9322 | Lair:2   | Reached skill level 3 in Armour
  9574 | Lair:2   | Received a gift from Okawaru
  9613 | Lair:2   | Reached skill level 4 in Fighting
  9623 | Lair:2   | Found a staircase to the Swamp.
  9725 | Lair:2   | Identified a potion of resistance
  9756 | Lair:2   | Noticed a six-headed hydra
  9765 | Lair:2   | Killed a one-headed hydra
  9766 | Lair:2   | Reached skill level 4 in Armour
  9936 | Lair:2   | Identified the +3 falchion of Honesty {drain, rElec Int+5}
 10151 | Lair:2   | Received a gift from Okawaru
 10159 | Lair:2   | Reached skill level 5 in Fighting
 10189 | Lair:2   | Found a sacrificial altar of Ru.
 10348 | Lair:3   | Found a hole to the Spider Nest.
 10731 | Lair:3   | Reached skill level 5 in Armour
 10745 | Lair:3   | Noticed a six-headed hydra
 10754 | Lair:3   | Killed a one-headed hydra
 10814 | Lair:3   | Reached skill level 6 in Fighting
 10838 | Lair:3   | Found a runed translucent gate.
 10838 | Lair:3   | Found a runed translucent gate.
 10839 | Lair:3   | Found a runed translucent gate.
 10842 | Lair:3   | Noticed Jazxac's ghost (journeyman MiMo)
 10850 | Lair:3   | Reached ****** piety under Okawaru
 10853 | Lair:3   | Gained mutation: You have hoof-like feet. [demonic
                  | ancestry]
 10853 | Lair:3   | Reached XP level 12. HP: 88/89 MP: 15/15
 11345 | Lair:4   | Reached skill level 6 in Armour
 11359 | Lair:4   | Found a frozen archway.
 11517 | Lair:4   | Identified the +2 robe "Geaf" {+Blink Int+4} (Okawaru
                  | gifted it to you on level 4 of the Lair of Beasts)
 11517 | Lair:4   | Received a gift from Okawaru
 11860 | Lair:4   | Noticed a six-headed hydra
 11865 | Lair:4   | Killed a two-headed hydra
 11869 | Lair:4   | Reached skill level 7 in Fighting
 12042 | Lair:4   | Reached skill level 16 in Axes
 12165 | Lair:4   | Noticed a five-headed hydra
 12176 | Lair:4   | Killed a one-headed hydra
 12397 | Lair:5   | Noticed a four-headed hydra
 12410 | Lair:5   | Killed a one-headed hydra
 12411 | Lair:5   | Reached skill level 7 in Armour
 12454 | Lair:5   | Reached skill level 8 in Fighting
 12557 | Lair:5   | Noticed a death yak
 12558 | Lair:5   | Noticed a death yak
 12576 | Lair:5   | Killed a death yak
 12586 | Lair:5   | Killed a death yak
 12586 | Lair:5   | Received a gift from Okawaru
 12591 | Lair:5   | Noticed a death yak
 12591 | Lair:5   | Noticed a death yak
 12592 | Lair:5   | Noticed a death yak
 12607 | Lair:5   | Killed a death yak
 12608 | Lair:5   | Reached skill level 8 in Armour
 12629 | Lair:5   | Killed a death yak
 12635 | Lair:5   | Killed a death yak
 12636 | Lair:5   | Reached skill level 9 in Fighting
 12636 | Lair:5   | Reached XP level 13. HP: 95/101 MP: 13/16
 12657 | Lair:5   | Received a gift from Okawaru
 12704 | Lair:5   | Identified the +7 hand axe of Vepoteh {speed, *Noise rF+
                  | rC+ SInv} (Okawaru gifted it to you on level 5 of the Lair
                  | of Beasts)
 12704 | Lair:5   | Received a gift from Okawaru
 13175 | Lair:5   | Found a staircase to the Slime Pits.
 13240 | Lair:5   | Found a runed translucent door.
 13242 | Lair:5   | Noticed Dowoeg's ghost (journeyman DjWn)
 13242 | Lair:5   | Identified the +5 trident "Kuetoxet" {flame, Str+5}
 13401 | Lair:6   | Entered Level 6 of the Lair of Beasts
 13438 | Lair:6   | Reached skill level 17 in Axes
 13438 | Lair:6   | Reached skill level 9 in Armour
 13449 | Lair:6   | Noticed Rupert
 13471 | Lair:6   | Reached skill level 10 in Fighting
 13510 | Lair:6   | HP: 9/103 [five-headed hydra (12)]
 13510 | Lair:6   | HP: 3/103 [five-headed hydra (6)]
 13511 | Lair:6   | HP: 1/103 [five-headed hydra (4)]
 13534 | Lair:6   | Identified the -3 pair of boots of the Apothecary {Str+3
                  | Dex+2}
 13840 | Lair:6   | HP: 12/154 [death yak (6)]
 14186 | Lair:6   | Identified the +3 plate armour of Miracles {rF+ rCorr SInv}
                  | (Okawaru gifted it to you on level 6 of the Lair of Beasts)
 14186 | Lair:6   | Received a gift from Okawaru
 15163 | D:9      | Noticed Pikel
 15182 | D:9      | Killed Pikel
 15767 | D:10     | Entered Level 10 of the Dungeon
 16195 | D:10     | Found a hide-covered altar of Uskayaw.
 16254 | D:10     | Reached skill level 10 in Armour
 16321 | D:10     | Reached skill level 11 in Fighting
 16326 | D:10     | Reached XP level 14. HP: 87/113 MP: 17/17
 16486 | D:10     | Noticed Joseph
 16500 | D:10     | Killed Joseph
 16854 | D:10     | Noticed Erica
 16860 | D:10     | Killed Erica
 17029 | D:11     | Received a gift from Okawaru
 17295 | D:11     | Found a staircase to the Orcish Mines.
 17305 | D:11     | Identified the +0 robe of Compassion {Fly rElec Will+
                  | Dex+9} (Okawaru gifted it to you on level 11 of the
                  | Dungeon)
 17305 | D:11     | Received a gift from Okawaru
 18630 | D:13     | Noticed Maurice
 18638 | D:13     | Killed Maurice
 19220 | Lair:6   | Reached skill level 18 in Axes
 19220 | Lair:6   | Reached skill level 11 in Armour
 19223 | Lair:6   | Reached skill level 12 in Fighting
 19245 | Lair:6   | Paralysed by Rupert for 6 turns
 19259 | Lair:6   | Paralysed by Rupert for 5 turns
 19271 | Lair:6   | Killed Rupert
 19308 | Lair:6   | >>lol
 19750 | Lair:6   | Received a gift from Okawaru
 20153 | Lair:6   | Found a runed translucent door.
 20178 | Lair:6   | Paralysed by a hornet for 2 turns
 20933 | Lair:6   | Received a gift from Okawaru
 21008 | Lair:6   | Reached XP level 15. HP: 69/121 MP: 15/18
 21150 | Lair:6   | Reached skill level 19 in Axes
 21918 | Orc:1    | Entered Level 1 of the Orcish Mines
 22180 | Orc:2    | Entered Level 2 of the Orcish Mines
 22180 | Orc:2    | Noticed Nessos
 22193 | Orc:2    | Killed Nessos
 22542 | Orc:2    | Noticed Saint Roka
 22568 | Orc:2    | Found a staircase to the Elven Halls.
 22794 | Orc:2    | Killed Saint Roka
 23100 | Orc:2    | Identified the +3 helmet "Wayvam" {rC- Str+3} (Okawaru
                  | gifted it to you on level 2 of the Orcish Mines)
 23100 | Orc:2    | Received a gift from Okawaru
 23301 | Orc:2    | Noticed Josephine
 23313 | Orc:2    | Killed Josephine
 23499 | Orc:2    | Found Efriusk's General Store.
 23499 | Orc:2    | Found Setang's Antique Armour Shoppe.
 23500 | Orc:2    | Found Wuyh's General Store.
 23504 | Orc:2    | Found Mimoiqos's Antique Armour Emporium.
 23509 | Orc:2    | Bought a potion of heal wounds for 85 gold pieces
 23509 | Orc:2    | Bought a scroll of enchant armour for 127 gold pieces
 23512 | Orc:2    | Bought an ichor-stained chain mail for 256 gold pieces
 23512 | Orc:2    | Identified the +0 chain mail of the World {+Blink rPois
                  | Dex+4} (You bought it in a shop on level 2 of the Orcish
                  | Mines)
 23993 | D:13     | Noticed Kirke
 24107 | D:13     | Killed Kirke
 24108 | D:13     | Reached skill level 20 in Axes
 24598 | D:13     | Noticed Azrael
 24616 | D:13     | Killed Azrael
 25084 | D:14     | Found a gate leading to a gauntlet.
 25093 | Gauntlet | Entered a Gauntlet
 25093 | Gauntlet | Found a transporter.
 25280 | Gauntlet | Found a transporter.
 25289 | Gauntlet | Found a transporter.
 25294 | Gauntlet | Found a transporter.
 25314 | Gauntlet | Found a transporter.
 25328 | Gauntlet | Found a transporter.
 25340 | Gauntlet | Found a transporter.
 25352 | Gauntlet | Found a transporter.
 25358 | Gauntlet | Found a transporter.
 25373 | Gauntlet | Found a transporter.
 25376 | Gauntlet | Noticed a shadow dragon
 25379 | Gauntlet | Found a transporter.
 25380 | Gauntlet | a shadow dragon changed into a stone giant
 25381 | Gauntlet | Noticed an azure jelly
 25381 | Gauntlet | a stone giant changed into an azure jelly
 25382 | Gauntlet | Noticed a frost giant
 25382 | Gauntlet | an azure jelly changed into a frost giant
 25388 | Gauntlet | a frost giant changed into a catoblepas
 25394 | Gauntlet | Found a transporter.
 25411 | Gauntlet | Found a transporter.
 25431 | Gauntlet | Found a transporter.
 25433 | Gauntlet | Found a runed translucent gate.
 25433 | Gauntlet | Found a runed translucent gate.
 25433 | Gauntlet | Found a runed translucent gate.
 25436 | Gauntlet | Found a large runed translucent door.
 25436 | Gauntlet | Found a large runed translucent door.
 25436 | Gauntlet | Found a large runed translucent door.
 25436 | Gauntlet | Found a large runed translucent door.
 25439 | Gauntlet | Found a large runed translucent door.
 25439 | Gauntlet | Found a large runed translucent door.
 25440 | Gauntlet | Found a large runed translucent door.
 25440 | Gauntlet | Found a large runed translucent door.
 25443 | Gauntlet | Found a large runed translucent door.
 25443 | Gauntlet | Found a large runed translucent door.
 25443 | Gauntlet | Found a runed translucent door.
 25443 | Gauntlet | Found a runed translucent door.
 25444 | Gauntlet | Found a large runed translucent door.
 25445 | Gauntlet | Found a large runed translucent door.
 25454 | Gauntlet | Found a large runed translucent door.
 25454 | Gauntlet | Found a large runed translucent door.
 25455 | Gauntlet | Found a large runed translucent door.
 25456 | Gauntlet | Found a large runed translucent door.
 25456 | Gauntlet | Found a transporter.
 25458 | Gauntlet | Found a transporter.
 25478 | Gauntlet | Found a transporter.
 25500 | Gauntlet | Found a transporter.
 25596 | Gauntlet | Noticed a storm dragon
 25596 | Gauntlet | an entropy weaver changed into a storm dragon
 25603 | Gauntlet | Noticed a shadow dragon
 25603 | Gauntlet | a storm dragon changed into a shadow dragon
 25604 | Gauntlet | Noticed an iron dragon
 25604 | Gauntlet | a shadow dragon changed into an iron dragon
 25607 | Gauntlet | Noticed a golden dragon
 25607 | Gauntlet | an iron dragon changed into a golden dragon
 25608 | Gauntlet | Noticed an iron giant
 25608 | Gauntlet | a golden dragon changed into an iron giant
 25610 | Gauntlet | Noticed an iron dragon
 25610 | Gauntlet | an iron giant changed into an iron dragon
 25611 | Gauntlet | Noticed a fire giant
 25611 | Gauntlet | an iron dragon changed into a fire giant
 25614 | Gauntlet | a fire giant changed into an iron troll
 25615 | Gauntlet | Noticed a frost giant
 25615 | Gauntlet | an iron troll changed into a frost giant
 25618 | Gauntlet | Killed a frost giant
 25637 | Gauntlet | Identified the +0 hat of Leaves {rF+ Slay+2}
 26180 | D:14     | Reached skill level 21 in Axes
 26193 | D:14     | Received a gift from Okawaru
 26204 | D:14     | Found a gate to the Vaults.
 26351 | D:14     | Gained mutation: You have hooves in place of feet. [demonic
                  | ancestry]
 26351 | D:14     | Reached XP level 16. HP: 114/127 MP: 19/19
 26656 | D:15     | Entered Level 15 of the Dungeon
 27146 | D:15     | Received a gift from Okawaru
 27149 | D:15     | Reached skill level 1 in Dodging
 27162 | D:15     | Reached skill level 2 in Dodging
 27296 | D:15     | Found a staircase to the Depths.
 27466 | D:15     | Reached skill level 3 in Dodging
 28009 | Spider:1 | Entered Level 1 of the Spider Nest
 28177 | Spider:1 | Identified a scroll of acquirement
 28195 | Spider:1 | Acquired 589 gold pieces
 29029 | Spider:2 | Reached skill level 22 in Axes
 29030 | Spider:2 | Received a gift from Okawaru
 29245 | Spider:2 | Got Ezicw's Guide on Ice
 29605 | Spider:2 | Identified the +4 dagger of Reason {venom, MP+9}
 30336 | Spider:3 | Reached skill level 13 in Fighting
 30344 | Spider:2 | Identified the +8 plate armour of the Hidden Vale {+Inv
                  | rN+} (Okawaru gifted it to you on level 2 of the Spider
                  | Nest)
 30344 | Spider:2 | Received a gift from Okawaru
 30345 | Spider:2 | Reached skill level 12 in Armour
 30614 | Spider:3 | Identified Roxanne's Disquisition on Transmigration
 30614 | Spider:3 | Noticed Roxanne
 30931 | Spider:3 | Reached skill level 4 in Dodging
 31119 | Spider:4 | Entered Level 4 of the Spider Nest
 31213 | Spider:4 | Reached XP level 17. HP: 81/137 MP: 20/20
 32018 | Spider:4 | Reached skill level 5 in Dodging
 32111 | Spider:4 | Received a gift from Okawaru
 32617 | Spider:4 | Reached skill level 14 in Fighting
 33524 | Spider:4 | Reached skill level 6 in Dodging
 34787 | Spider:4 | Got a gossamer rune of Zot
 35296 | Vaults:1 | Entered Level 1 of the Vaults
 35556 | Vaults:1 | HP: 12/140 [deep troll[an ironbound preserver] (13)]
 36003 | Vaults:1 | Reached skill level 7 in Dodging
 36145 | Vaults:1 | Received a gift from Okawaru
 36156 | Vaults:1 | Slain by a vault warden

Vanquished Creatures
  Saint Roka (Orc:2)
  Rupert (Lair:6)
  Kirke (D:13)
  An orc warlord (Vaults:1)
  A frost giant (shapeshifter) (Gauntlet)
  5 ghost moths
  3 emperor scorpions (Spider:4)
  A vault warden (Vaults:1)
  An ironbound preserver (Vaults:1)
  Nessos (Orc:2)
  4 entropy weavers
  Azrael (D:13)
  A minotaur (Gauntlet)
  Josephine (Orc:2)
  3 fire dragons (D:15)
  An ice dragon (Lair:6)
  2 catoblepae
  2 ogre magi (D:15)
  14 hydras
  4 vault guards (D:14)
  7 boulder beetles
  2 death knights
  10 centaur warriors
  Erica (D:10)
  15 two-headed ogres
  17 death yaks
  4 tengu warriors
  4 orc high priests (Orc:2)
  A skeletal warrior (D:14)
  5 deep trolls
  Pikel (D:9)
  A deep elf pyromancer (D:13)
  2 lindwurms
  A wizard (Vaults:1)
  A phantasmal warrior (D:14)
  2 ironbound convokers (Vaults:1)
  An orc knight (D:11)
  A harpy (shapeshifter) (Gauntlet)
  An oklob plant (Gauntlet)
  2 orc sorcerers (Orc:2)
  6 ugly things
  6 cyclopes
  17 orb spiders
  2 moths of wrath
  4 manticores
  26 wolf spiders
  8 black mambas
  10 elephants
  Joseph (D:10)
  A vault sentinel (Vaults:1)
  Maurice (D:13)
  A gargoyle (D:13)
  11 cane toads
  8 torpor snails
  2 efreet
  Maggie (D:7)
  3 rime drakes (Lair:5)
  3 komodo dragons
  8 yaktaurs (Vaults:1)
  3 tengu conjurers
  A kobold demonologist (D:11)
  A minotaur zombie (Gauntlet)
  11 demonic crawlers
  A queen bee (D:12)
  3 freezing wraiths
  9 hornets
  15 trolls
  26 jumping spiders
  A merfolk (shapeshifter) (Gauntlet)
  4 meliai (D:14)
  14 blink frogs
  A raiju (shapeshifter) (Gauntlet)
  8 slime creatures
  4 tyrant leeches (Lair:6)
  3 polar bears
  22 dream sheep
  51 yaks
  61 redbacks
  A frost giant simulacrum (Vaults:1)
  2 shadows
  5 wraiths
  A ynoxinul (Gauntlet)
  45 tarantellas
  2 wyverns
  3 humans (D:13)
  2 fire elementals (D:13)
  A steam dragon (Lair:2)
  4 hogs (D:13)
  5 basilisks
  7 wargs
  A naga (shapeshifter) (D:15)
  19 vampire mosquitoes
  3 acid dragons
  5 hell hounds (D:13)
  13 water moccasins
  5 black bears
  22 orc warriors
  A sky beast (D:5)
  5 ogres
  2 necrophages (D:6)
  An ice beast (D:6)
  16 wolves
  10 centaurs
  4 lemures (D:9)
  A phantom (D:3)
  5 kobold brigands
  18 bullfrogs
  2 gnoll sergeants
  2 wyvern zombies (Ossuary)
  3 water moccasin zombies (Ossuary)
  A water moccasin skeleton (D:6)
  10 killer bees
  10 wights
  7 howler monkeys
  4 electric eels
  A lava snake (D:12)
  10 centaur zombies
  4 bullfrog zombies
  A jelly (D:4)
  2 gnoll shamans
  23 orc priests
  5 hounds
  A bullfrog skeleton (D:6)
  3 iron imps (Gauntlet)
  2 iguanas (D:6)
  Natasha (thrice) (D:2)
  27 orc wizards
  2 killer bee zombies
  A hound skeleton (D:4)
  15 mummies
  5 howler monkey zombies
  20 gnolls
  7 adders
  12 white imps (Lair:4)
  3 worms
  A dart slug (D:3)
  66 orcs
  10 ball pythons
  4 endoplasms
  3 giant cockroaches
  2 goblins
  10 hobgoblins
  32 kobolds
  7 quokkas
  2 bats (D:1)
  A frilled lizard (D:3)
  A hobgoblin zombie (D:5)
  An orc zombie (D:5)
  7 rats
1028 creatures vanquished.

Vanquished Creatures (others)
  A tarantella (Spider:3)
  7 demonic plants (Gauntlet)
  25 fungi
  88 plants
  9 withered plants (Ossuary)
130 creatures vanquished.

Grand Total: 1158 creatures vanquished

Table legend: (Time is in decaauts)
 A = Elapsed time spent in this place.
 B = Non-inter-level travel time spent in this place.
 C = Inter-level travel time spent in this place.
 D = Time resting spent in this place.
 E = Time spent auto-exploring this place.
 F = Levels seen in this place.
 G = Mean time per level.
                   A        B        C        D        E       F      G
               +--------+--------+--------+--------+--------+-----+--------+
         Total |  35870 |  33313 |   2557 |   7243 |  19727 |  30 | 1195.7 |
       Dungeon |  14966 |  13978 |    988 |   2041 |   9271 |  15 |  997.7 |
          Lair |   9480 |   8465 |   1015 |   1981 |   4953 |   6 | 1580.0 |
   Spider Nest |   7020 |   6584 |    436 |   1876 |   3802 |   4 | 1755.0 |
  Orcish Mines |   1917 |   1799 |    118 |    525 |    819 |   2 |  958.5 |
        Vaults |    816 |    816 |      0 |    301 |    288 |   1 |  816.0 |
       Ossuary |    978 |    978 |      0 |    431 |    255 |   1 |  978.0 |
      Gauntlet |    690 |    690 |      0 |     86 |    338 |   1 |  690.0 |
               +--------+--------+--------+--------+--------+-----+--------+

Top non-repeatable levels by time:
Spider:4: 3877 daAuts
  Lair:6: 3210 daAuts
  Lair:1: 1566 daAuts
  Lair:4: 1419 daAuts
Spider:2: 1414 daAuts
    D:13: 1312 daAuts
    D:12: 1297 daAuts
    D:10: 1293 daAuts
     D:7: 1226 daAuts
  Lair:2: 1184 daAuts
   Orc:2: 1172 daAuts
  Lair:5: 1084 daAuts
     D:8: 1078 daAuts
     D:3: 1048 daAuts
     D:4: 1017 daAuts

Table legend:
 A = Non-vault XP
 B = Vault XP
 C = Vault XP percentage of total XP
 D = Non-vault monster count
 E = Vault monster count
 F = Vault count percentage of total count
                 A         B        C        D         E       F
            +---------+---------+-------+---------+---------+-------
      Total |  160330 |  111914 |  41.1 |     674 |     348 |  34.1
            +---------+---------+-------+---------+---------+-------
        D:1 |      35 |       5 |  12.5 |      21 |       4 |  16.0
        D:2 |     104 |      43 |  29.3 |      12 |       6 |  33.3
        D:3 |     197 |       0 |   0.0 |      13 |       0 |   0.0
        D:4 |     345 |       0 |   0.0 |      22 |       0 |   0.0
        D:5 |     762 |      20 |   2.6 |      23 |       3 |  11.5
        D:6 |     980 |     251 |  20.4 |      14 |       3 |  17.6
        D:7 |     604 |     376 |  38.4 |      14 |       1 |   6.7
        D:8 |    2931 |    3442 |  54.0 |      22 |       8 |  26.7
        D:9 |    1582 |     641 |  28.8 |      27 |       1 |   3.6
       D:10 |    2522 |    5396 |  68.1 |      23 |      20 |  46.5
       D:11 |    3893 |    2235 |  36.5 |      22 |      11 |  33.3
       D:12 |    4739 |     743 |  13.6 |      18 |       8 |  30.8
       D:13 |    7338 |    4753 |  39.3 |      17 |      14 |  45.2
       D:14 |    7783 |    7997 |  50.7 |      20 |      12 |  37.5
       D:15 |   18916 |    1860 |   9.0 |      32 |       2 |   5.9
     Lair:1 |    3191 |     176 |   5.2 |      13 |       1 |   7.1
     Lair:2 |    3383 |    1624 |  32.4 |      17 |       4 |  19.0
     Lair:3 |    5816 |       0 |   0.0 |      30 |       0 |   0.0
     Lair:4 |    4641 |     124 |   2.6 |      12 |      12 |  50.0
     Lair:5 |   10124 |    7396 |  42.2 |      34 |      19 |  35.8
     Lair:6 |   16553 |   19078 |  53.5 |      42 |      40 |  48.8
   Spider:1 |   10655 |       0 |   0.0 |      33 |       0 |   0.0
   Spider:2 |   11743 |       0 |   0.0 |      34 |       0 |   0.0
   Spider:3 |   11309 |    5782 |  33.8 |      38 |      13 |  25.5
   Spider:4 |   10705 |   27899 |  72.3 |      32 |      57 |  64.0
      Orc:1 |     903 |       0 |   0.0 |      18 |       0 |   0.0
      Orc:2 |    3205 |   12501 |  79.6 |      44 |      60 |  57.7
   Vaults:1 |   15371 |    3512 |  18.6 |      27 |       7 |  20.6
    Ossuary |       0 |    1171 | 100.0 |       0 |      29 | 100.0
   Gauntlet |       0 |    4889 | 100.0 |       0 |      13 | 100.0
            +---------+---------+-------+---------+---------+-------
